 Dungeon Crawl Stone Soup version 0.25-a0-576-g50b708a4c4 (webtiles) character file.

Game seed: 2077124385014087717, levelgen mode: deterministic

7328 Inarius the Geomancer (level 10, -3/74 HPs)
             Began as a Yellow Draconian Earth Elementalist on Mar 1, 2020.
             Was a Follower of Vehumet.
             Slain by a two-headed ogre
             ... wielding a +0 giant club
              (16 damage)
             ... on level 8 of the Dungeon.
             The game lasted 00:39:47 (11603 turns).

Inarius the Geomancer (DrEE)                       Turns: 11603, Time: 00:39:48

Health: -3/74      AC:  9    Str: 13    XL:     10   Next: 90%
Magic:  9/31       EV: 14    Int: 21    God:    Vehumet [*.....]
Gold:   657        SH:  0    Dex: 12    Spells: 16/25 levels left

rFire    . . .     SeeInvis .   F - +8 hand axe of Absolution {vamp, MP+9}
rCold    . . .     Gourm    .   (no shield)
rNeg     . . .     Faith    .   (armour unavailable)
rPois    .         Spirit   .   z - +2 hat {Int+3}
rElec    .         Reflect  .   (no cloak)
rCorr    +         Harm     .   (no gloves)
MR       .....                  (no boots)
Stlth    ++........             G - amulet of magic regeneration
HPRegen  0.22/turn              p - +2 ring of strength
MPRegen  0.47/turn              (no ring)

@: no status effects
A: spit acid, unfitting armour, cold-blooded, acid resistance, AC +7
a: Breathe Acid, Renounce Religion


You were on level 8 of the Dungeon.
You worshipped Vehumet.
Vehumet was aware of your devotion.
You were hungry.

You visited 2 branches of the dungeon, and saw 9 of its levels.
You also visited: Bailey.

You collected 657 gold pieces.

Inventory:

Hand Weapons
 f - a +0 dagger
 F - the +8 hand axe of Absolution (weapon) {vamp, MP+9}
   (You found it on level 8 of the Dungeon)

   It inflicts no extra harm, but heals its wielder when it wounds a living foe.
   It affects your magic capacity (+9).
Missiles
 b - 240 stones (quivered)
Armour
 z - a +2 hat of intelligence (worn)
Magical Staves
 E - an uncursed staff of earth
Jewellery
 p - a +2 ring of strength (left hand)
 G - an amulet of magic regeneration (around neck)
Wands
 w - a wand of paralysis (8)
 y - a wand of iceblast (3)
 C - a wand of polymorph (3)
 D - a wand of acid (6)
Scrolls
 a - 4 scrolls of teleportation
 i - 2 scrolls of amnesia
 j - 2 scrolls of enchant armour
 k - a scroll of magic mapping
 o - a scroll of enchant weapon {unknown}
 r - 2 scrolls of fear {unknown}
 t - 6 scrolls of remove curse
 u - 2 scrolls of immolation {unknown}
 B - a scroll of blinking {unknown}
Potions
 d - 6 potions of curing
 e - 3 potions of flight
 g - 2 potions of might {unknown}
 h - 2 potions of degeneration {unknown}
 l - 3 potions of haste
 m - a potion of lignification {unknown}
 n - a potion of cancellation {unknown}
 q - 2 potions of brilliance
 s - 2 potions of mutation {unknown}
 v - a potion of resistance {unknown}
 x - 2 potions of heal wounds {unknown}
 A - 4 potions of ambrosia {unknown}
Miscellaneous
 H - a phial of floods (inert)
Comestibles
 c - 21 rations


   Skills:
 + Level 2.7 Fighting
 + Level 1.3 Staves
 + Level 4.5 Dodging
 - Level 2.0 Stealth
 + Level 8.0 Spellcasting
 + Level 3.3 Conjurations
   Level 1.0 Transmutations
 * Level 11.9 Earth Magic
 * Level 5.3 Evocations


You had 16 spell levels left.
You knew the following spells:

 Your Spells              Type           Power        Failure   Level  Hunger
a - Sandblast             Erth           ######       1%          1    None
b - Stone Arrow           Conj/Erth      #####.       1%          3    None
c - Lee's Rapid Deconstr  Erth           ######....   1%          5    #####..

Your spell library contained the following spells:

 Spells                   Type           Power        Failure   Level  Hunger
 Freeze                   Ice            #...         8%          1    None
 Passwall                 Tmut/Erth      #####...     1%          2    None
 Petrify                  Tmut/Erth      #####...     5%          4    ###....
 Animate Skeleton         Necr           N/A          8%          1    None
 Corona                   Hex            #......      8%          1    None
 Ensorcelled Hibernation  Hex/Ice        #.....       12%         2    None
 Dazzling Flash           Conj/Hex       ###...       12%         3    None
 Confusing Touch          Hex            #.......     24%         3    None
 Tukima's Dance           Hex            #.......     24%         3    None


Dungeon Overview and Level Annotations

Branches:
Dungeon (8/15)             Temple (1/1) D:7            Lair (0/6) D:8
 Bailey (visited)

Altars:
Ashenzari
Cheibriados
Dithmenos
Elyvilon
Fedhas
Gozag
Hepliaklqana
Kikubaaqudgha
Makhleb
Nemelex Xobeh
Okawaru
Qazlal
Ru
Sif Muna
Trog
Uskayaw
Vehumet
Wu Jian
Xom
Yredelemnul
Zin
The Shining One


Innate Abilities, Weirdness & Mutations

You can spit globs of acid.
Your golden yellow scales are hard. (AC +7)
You cannot fit into any form of body armour.
You are cold-blooded and may be slowed by cold attacks.
You are resistant to acid. (rCorr)


Message History

The two-headed ogre is moderately wounded.
Casting: Stone Arrow (safe; 1% risk of failure)
Confirm with . or Enter, or press ? or * to list all spells.
Aiming: Stone Arrow (safe; 1% risk of failure)
Press: ? - help, Shift-Dir - straight line, f/p - two-headed ogre
Aim: a two-headed ogre, wielding two +0 giant clubs (moderately wounded)
The stone arrow hits the two-headed ogre!!
The two-headed ogre is severely wounded.
The two-headed ogre hits you with a +0 giant club!
The two-headed ogre hits you with a +0 giant club!!
* * * LOW HITPOINT WARNING * * *
Casting: Stone Arrow (safe; 1% risk of failure)
Confirm with . or Enter, or press ? or * to list all spells.
Aiming: Stone Arrow (safe; 1% risk of failure)
Press: ? - help, Shift-Dir - straight line, f/p - two-headed ogre
Aim: a two-headed ogre, wielding two +0 giant clubs (severely wounded)
The stone arrow hits the two-headed ogre!!
The two-headed ogre is almost dead.
The two-headed ogre hits you with a +0 giant club!
You die...

,,,..P...####.#......#
>,,.....,* #.#.####,#
,,,.P..,,* #......#.#
,,,hhr,,** ###.##.#.#
,,,P.,,,* #......#
,,,P,,,***** ####.####
,,,,,,,,,,,* #......#
,,,,,,,,,,,* #O##.#.#
,,,,,,,,,,,* #@##.#.#
,,,,,*,,,,,* #.#†)#.#
,,,,,*,,,,,* #.#)##.#
,,,********* #.#†##.#
,,,* #......# #####
##########.#### ..).#
#.......##.# ..#.#
#.#####.##.# ....#
#.#####.##.#


You could see a two-headed ogre.

Vanquished Creatures
  Gastronok (D:8)
  A two-headed ogre (D:8)
  An orc knight (Bailey)
  Maurice (D:8)
  Grinder (D:6)
  Prince Ribbit (D:6)
  A spriggan (D:7)
  Grum (D:8)
  Menkaure (D:4)
  An acid dragon (Bailey)
  A porcupine (D:8)
  An ice beast (D:8)
  A sky beast (D:7)
  4 orc warriors (Bailey)
  3 black bears
  3 ogres
  2 phantoms (D:4)
  3 wolves (D:8)
  A centaur (D:8)
  A crocodile (D:8)
  A big kobold (D:8)
  6 bullfrogs
  5 killer bees (D:8)
  3 bullfrog zombies
  A centaur zombie (D:7)
  A jelly (D:3)
  4 crimson imps
  6 hounds
  2 bullfrog skeletons (D:4)
  An orc priest (D:6)
  7 orc wizards
  2 iguanas
  5 worker ants
  A killer bee zombie (D:7)
  A hound skeleton (D:7)
  3 worker ant zombies
  4 gnolls
  8 adders
  2 shadow imps
  6 oozes
  An adder zombie (D:7)
  2 adder skeletons
  5 worms
  2 dart slugs
  6 leopard geckos
  25 orcs
  2 ball pythons
  4 giant cockroaches
  16 goblins
  11 hobgoblins
  16 jackals
  4 quokkas
  5 bats
  6 frilled lizards
  A jackal zombie (D:6)
  26 kobolds
  2 quokka skeletons (D:4)
  A quokka zombie (D:8)
  6 rats
  A bush (D:8)
241 creatures vanquished.

Vanquished Creatures (others)
  42 fungi (D:8)
  12 plants (D:8)
54 creatures vanquished.

Grand Total: 295 creatures vanquished

Notes
Turn   | Place    | Note
-------+----------+-------------------------------------------
     0 | D:1      | Inarius the Draconian Earth Elementalist began the quest
                  | for the Orb.
     0 | D:1      | Reached XP level 1. HP: 14/14 MP: 3/3
   279 | D:1      | Reached XP level 2. HP: 20/20 MP: 1/5
  1278 | D:2      | Reached XP level 3. HP: 26/26 MP: 4/6
  1637 | D:2      | Noticed a scorpion
  1674 | D:1      | Learned a level 3 spell: Stone Arrow
  1911 | D:2      | Reached skill level 4 in Earth Magic
  2399 | D:3      | Reached XP level 4. HP: 22/34 MP: 0/7
  3027 | D:3      | Reached XP level 5. HP: 39/39 MP: 3/9
  3246 | D:3      | Reached skill level 1 in Fighting
  3268 | D:3      | Learned a level 5 spell: Lee's Rapid Deconstruction
  3429 | D:3      | Reached skill level 5 in Earth Magic
  4148 | D:3      | Found a glowing golden altar of the Shining One.
  4184 | D:4      | Noticed an ogre
  4188 | D:4      | Killed an ogre
  4188 | D:4      | Reached XP level 6. HP: 47/47 MP: 0/11
  4483 | D:4      | Noticed Menkaure
  4501 | D:4      | Killed Menkaure
  4501 | D:4      | Reached skill level 6 in Earth Magic
  4501 | D:4      | Your scales start taking on a golden yellow colour.
  4501 | D:4      | Reached XP level 7. HP: 37/52 MP: 0/12
  4501 | D:4      | Gained mutation: You are resistant to acid. (rCorr) [Yellow
                  | Draconian growth]
  4983 | D:4      | Reached skill level 1 in Conjurations
  5516 | D:4      | Reached skill level 7 in Earth Magic
  5855 | D:5      | Entered Level 5 of the Dungeon
  6346 | D:5      | Reached skill level 5 in Spellcasting
  6599 | D:5      | Reached XP level 8. HP: 61/61 MP: 11/15
  7210 | D:6      | Noticed Grinder
  7620 | D:6      | Killed Grinder
  7729 | D:6      | Reached skill level 8 in Earth Magic
  8091 | D:6      | Noticed Prince Ribbit
  8104 | D:6      | Killed Prince Ribbit
  8104 | D:6      | Reached skill level 1 in Evocations
  8198 | D:6      | Found a glowing silver altar of Zin.
  8198 | D:6      | Noticed an angel
  8200 | D:6      | Found a shimmering altar of Xom.
  8565 | D:7      | Found a staircase to the Ecumenical Temple.
  8783 | D:7      | Reached XP level 9. HP: 68/68 MP: 13/17
  8807 | Temple   | Entered the Ecumenical Temple
  9104 | D:7      | Found a bloodstained altar of Trog.
  9119 | D:7      | Reached skill level 9 in Earth Magic
  9617 | D:7      | Found a shimmering blue altar of Sif Muna.
  9648 | D:7      | Found an ancient bone altar of Kikubaaqudgha.
  9655 | D:7      | Identified Kikubaaqudgha's Collected Works on Darkness
  9662 | D:7      | Found a radiant altar of Vehumet.
  9668 | D:7      | Became a worshipper of Vehumet
  9678 | D:7      | Found a shimmering blue altar of Sif Muna.
 10132 | D:8      | Found a flagged portal.
 10163 | D:8      | Noticed Maurice
 10167 | D:8      | Killed Maurice
 10172 | D:8      | Noticed Grum
 10192 | D:8      | Reached skill level 10 in Earth Magic
 10197 | D:8      | Killed Grum
 10332 | D:8      | Reached skill level 1 in Staves
 10367 | D:8      | Got a bone hand axe
 10385 | Bailey   | Entered a bailey
 10386 | Bailey   | Identified the +8 hand axe of Absolution {vamp, MP+9} (You
                  | found it on level 8 of the Dungeon)
 10437 | Bailey   | Noticed an orc knight
 10598 | Bailey   | Reached XP level 10. HP: 53/74 MP: 2/20
 10699 | Bailey   | Killed an orc knight
 11127 | D:8      | Noticed a two-headed ogre
 11133 | D:8      | Killed a two-headed ogre
 11229 | D:8      | Found a blossoming altar of Fedhas.
 11237 | D:8      | Reached skill level 11 in Earth Magic
 11352 | D:8      | Found a shadowy altar of Dithmenos.
 11355 | D:8      | Found a sacrificial altar of Ru.
 11358 | D:8      | Found a shattered altar of Ashenzari.
 11454 | D:8      | Found a burning altar of Makhleb.
 11490 | D:8      | Noticed Gastronok
 11504 | D:8      | Killed Gastronok
 11504 | D:8      | Reached skill level 5 in Evocations
 11561 | D:8      | Reached * piety under Vehumet
 11561 | D:8      | Offered knowledge of Freeze by Vehumet.
 11576 | D:8      | Noticed a two-headed ogre
 11603 | D:8      | Slain by a two-headed ogre

Levels and vault maps discovered:
D:1:      wheals_arrival_shading, layout_basic, serial_rivers,
          chequers_serial_rivers_small_b, chequers_serial_rivers_small_3,
          chequers_serial_rivers_micro_a, chequers_serial_rivers_micro_c
D:2:      layout_basic, first_ration
D:3:      minmay_razor_zed, layout_loops_ring, tso_altar, minmay_parallelograms
D:4:      layout_cave_pods, minmay_close_crescents, uniq_menkaure
D:5:      layout_basic
D:6:      layout_basic, grunt_temple_overflow_order_and_chaos_1, uniq_grinder,
          uniq_prince_ribbit1
D:7:      layout_gridville, palyth_temple_overflow_mages, trog_ov_bears_minmay,
          minmay_temple_entry_offerings, the_bakery, lemuel_tele_altar
D:8:      layout_loops_cross, fedhas_bush_and_centaur_altar,
          lemuel_coloured_pillars_altar, grunt_temple_overflow_diamond,
          due_lair_maze_entry_diamond,
          ploomutoo_gammafunk_ghost_potion_laboratory, enter_bailey_2,
          uniq_grum, uniq_maurice, uniq_gastronok
Temple:   jpeg_temple_alley_garden

Skill      XL: |  1  2  3  4  5  6  7  8  9 10 |
---------------+-------------------------------+-----
Dodging        | 2 3 4 |  4.5
Earth Magic    | 4 5 6 7 8 10 11 | 11.9
Stealth        | 2 |  2.0
Fighting       | 1 2 |  2.7
Spellcasting   | 3 5 6 8 |  8.0
Conjurations   | 1 2 3 |  3.3
Evocations     | 1 3 5 |  5.3
Staves         | 1 |  1.3
Transmutations | |  1.0

Action                   |  1- 3 |  4- 6 |  7- 9 | 10-12 || total
-------------------------+-------+-------+-------+-------++-------
Melee: Unarmed           |     1 |       |       |       ||     1
       Dagger            |   107 |    80 |   169 |       ||   356
       Tailslap          |    13 |    10 |    25 |    16 ||    64
       Staff             |       |       |    16 |       ||    16
       Hand axe          |       |       |     7 |    72 ||    79
 Cast: Sandblast         |    22 |    46 |    68 |       ||   136
       Stone Arrow       |     6 |     9 |    77 |    15 ||   107
       Lee's Rapid Decon |       |       |    29 |    17 ||    46
Evoke: Wand              |       |       |     5 |     9 ||    14
       Phial of floods   |       |       |       |     1 ||     1
  Use: Scroll            |       |       |     9 |     1 ||    10
       Potion            |       |       |     1 |     1 ||     2
 Stab: Sleeping          |     1 |       |     2 |       ||     3
       Paralysed         |       |       |    15 |       ||    15
       Distracted        |       |       |       |     1 ||     1
  Eat: Chunk             |     6 |     7 |    28 |     9 ||    50
       Ration            |       |       |     1 |       ||     1
Armor: Skin              |    29 |    28 |    80 |    12 ||   149
Dodge: Dodged            |    67 |    57 |   217 |    33 ||   374

Table legend:
 A = Non-vault XP
 B = Vault XP
 C = Vault XP percentage of total XP
 D = Non-vault monster count
 E = Vault monster count
 F = Vault count percentage of total count
                 A         B        C        D         E       F
            +---------+---------+-------+---------+---------+-------
      Total |    4021 |    6448 |  61.6 |     172 |      68 |  28.3
            +---------+---------+-------+---------+---------+-------
        D:1 |      27 |       0 |   0.0 |      13 |       0 |   0.0
        D:2 |      48 |       0 |   0.0 |      24 |       0 |   0.0
        D:3 |     165 |      96 |  36.8 |      26 |      15 |  36.6
        D:4 |     592 |     303 |  33.9 |      19 |       3 |  13.6
        D:5 |     254 |       0 |   0.0 |      21 |       0 |   0.0
        D:6 |     748 |     560 |  42.8 |      31 |       2 |   6.1
        D:7 |     477 |     634 |  57.1 |      17 |       7 |  29.2
        D:8 |    1710 |    3484 |  67.1 |      21 |      14 |  40.0
     Bailey |       0 |    1371 | 100.0 |       0 |      27 | 100.0
            +---------+---------+-------+---------+---------+-------
